 Dungeon Sprint DCSS version 0.24.1-14-gf8d2b509d9 (webtiles) character file.

Game seed: 13886198602884029487, levelgen mode: deterministic

15400000 Baz the Conqueror (level 27, -4/323 HPs)
             Began as an Ogre Warper on Oct 3, 2020.
             Was the Champion of Makhleb.
             Slain by a meat beast (7 damage)
             ... in the Dungeon (Sprint VIII: "Arena of Blood").
             The game lasted 00:06:21 (154 turns).

Baz the Conqueror (Ogre Warper)                      Turns: 154, Time: 00:06:22

Health: -4/323     AC:  5    Str: 23    XL:     27
Magic:  44/54      EV: 30    Int: 14    God:    Makhleb [******]
Gold:   0          SH:  0    Dex: 17    Spells: 80/80 levels left

rFire    . . .     SeeInvis .   c - +∞ Axe of Woe
rCold    . . .     Gourm    .   (shield currently unavailable)
rNeg     . . .     Faith    .   b - +0 robe
rPois    .         Spirit   .   (helmet restricted)
rElec    .         Reflect  .   (no cloak)
rCorr    .         Harm     .   (gloves unavailable)
MR       ++...     NoTele   +   (boots unavailable)
Stlth    +++++++++.             (no amulet)
HPRegen  0.63/turn              (no ring)
MPRegen  0.34/turn              (no ring)

@: lethally poisoned (-4 -> -39), hasted and slowed
A: large, unfitting armour, tough skin 1
a: Minor Destruction, Lesser Servant of Makhleb, Major Destruction, Greater
Servant of Makhleb, Renounce Religion


You were in the Dungeon.
You worshipped Makhleb.
Makhleb was exalted by your worship.
You were not hungry.

You visited 1 branch

Inventory:

Hand Weapons
 a - a +0 hand axe
 c - the +∞ Axe of Woe (weapon)
   (You found it in the Dungeon)
Missiles
 e - 5 boomerangs of dispersal (quivered)
Armour
 b - a +0 robe (worn)
Jewellery
 h - a +30 ring of slaying
 i - a +30 ring of slaying
 l - a +30 ring of slaying
 m - a +30 ring of slaying
Scrolls
 d - 2 scrolls of blinking
Potions
 g - a potion of curing
 j - 2 potions of magic
 k - a potion of berserk rage
Comestibles
 f - a ration


   Skills:
 O Level 27 Fighting
 O Level 27 Axes
 O Level 27 Throwing
 O Level 27 Armour
 O Level 27 Dodging
 O Level 27 Stealth
 O Level 27 Unarmed Combat
 O Level 27 Spellcasting
   Level 2.6 Translocations
 O Level 27 Invocations


You had 80 spell levels left.
You didn't know any spells.
Your spell library contained the following spells:

 Spells                   Type           Power        Failure   Level  Hunger
 Blink                    Tloc           N/A          1%          2    None
 Shroud of Golubria       Chrm/Tloc      ###...       1%          2    None
 Gell's Gravitas          Tloc           ####......   1%          3    None
 Lesser Beckoning         Tloc           ####......   1%          3    None
 Teleport Other           Tloc           ####....     1%          3    None
 Passage of Golubria      Tloc           N/A          6%          4    None


Dungeon Overview and Level Annotations

Branches:
Dungeon (1/1)

Altars:
Makhleb


Innate Abilities, Weirdness & Mutations

You are too large for most types of armour.
You have tough skin. (AC +1)


Message History

You hear a shout!
The meat berserker rages.
You hear a shout! x4
The eight-headed meat hydra calls on the powers of darkness!
The eight-headed meat hydra convulses!
The meat berserker convulses!
Your body is wracked with pain!
* * * LOW HITPOINT WARNING * * *
You hear a shout!
A fleshlord comes into view. It is wielding a +9 great mace.
A scourge comes into view.
The dread calls on the powers of darkness!
The meat berserker convulses!
The bag of meat convulses! x2
The meat berserker convulses!
Your body is wracked with pain!
* * * LOW HITPOINT WARNING * * *
The bag of meat convulses!
The scourge convulses!
A bag of meat comes into view. It is wielding a +9 war axe.
The meat berserker hits you with a +9 battleaxe!!
* * * LOW HITPOINT WARNING * * *
The meat beast bites you!
You die...

.......#........_......
.o..#Soo....#..O..#
###...V......#_)<._#
.##....#..)))..#))%..#.
....#........#)o{).)%)_......
....#........)))W))%.###......
............)Oo)###%......###.
............).O2..#...%...#
..........))))@%..#.......#
.........#))))%%......o....
.......)#)#)#).............
......†.)#)#))....%...o....
..###...#)#)#.........
##...#.#..O..#....
#....D...........
....##...p...##.#.. #....
##............


You could see a meat beast, an eight-headed meat hydra, a destroyer, a scourge,
a fleshlord, a dread, 3 meat berserkers and 5 bags of meat.

Vanquished Creatures
  9 hell knights (D)
  Sigmund (D)
  5 hell beasts (D)
  2 greater mummies (D)
  3 great orbs of eyes (D)
  7 wraiths (D)
  18 vampire knights (D)
  36 ogres (D)
  5 two-headed ogres (D)
  4 liches (D)
  9 hydras (D)
  60 orcs (D)
  5 phantoms (D)
  5 skeletal warriors (D)
  3 sea snakes (D)
  5 large abominations (D)
  8 small abominations (D)
  7 crawling corpses (D)
192 creatures vanquished.

Vanquished Creatures (others)
  4 crawling corpses (D)
4 creatures vanquished.

Grand Total: 196 creatures vanquished

Notes
Turn   | Place    | Note
-------+----------+-------------------------------------------
     0 | D        | Found the +∞ Axe of Woe
     0 | D        | Baz the Ogre Warper began the quest for the Orb.
     0 | D        | Reached XP level 1. HP: 22/22 MP: 3/3
     0 | D        | Noticed a meat berserker
     1 | D        | Noticed a bag of meat
     1 | D        | Noticed a bag of meat
     2 | D        | Noticed a bag of meat
     4 | D        | Noticed a meat berserker
     6 | D        | Became a worshipper of Makhleb the Destroyer
     6 | D        | Noticed a bag of meat
     7 | D        | Killed a meat berserker
     7 | D        | Reached XP level 2. HP: 62/62 MP: 3/21
     7 | D        | Reached XP level 3. HP: 70/70 MP: 3/23
     7 | D        | Reached XP level 4. HP: 80/80 MP: 3/24
     7 | D        | Reached XP level 5. HP: 88/88 MP: 3/26
     7 | D        | Reached XP level 6. HP: 97/97 MP: 3/27
     7 | D        | Reached XP level 7. HP: 106/106 MP: 3/29
     7 | D        | Reached XP level 8. HP: 115/115 MP: 3/30
     7 | D        | Reached XP level 9. HP: 123/123 MP: 3/31
     7 | D        | Reached XP level 10. HP: 133/133 MP: 3/32
     7 | D        | Reached XP level 11. HP: 141/141 MP: 3/33
     7 | D        | Reached XP level 12. HP: 150/150 MP: 3/34
     7 | D        | Reached XP level 13. HP: 158/158 MP: 3/35
     8 | D        | Noticed a bag of meat
     8 | D        | Noticed a bag of meat
     9 | D        | Killed a meat berserker
     9 | D        | Reached * piety under Makhleb
     9 | D        | Reached skill level 10 in Throwing
     9 | D        | Reached XP level 14. HP: 176/176 MP: 3/38
     9 | D        | Killed a bag of meat
     9 | D        | Reached XP level 15. HP: 187/187 MP: 3/39
     9 | D        | Noticed a meat berserker
    10 | D        | Reached skill level 10 in Armour
    10 | D        | Reached ** piety under Makhleb
    10 | D        | Reached XP level 16. HP: 172/202 MP: 4/42
    10 | D        | Noticed a meat berserker
    10 | D        | Noticed a meat berserker
    12 | D        | Reached skill level 15 in Throwing
    12 | D        | Reached skill level 15 in Invocations
    12 | D        | Reached *** piety under Makhleb
    12 | D        | Reached XP level 17. HP: 218/218 MP: 4/44
    14 | D        | Killed a meat berserker
    14 | D        | Reached skill level 15 in Armour
    14 | D        | Reached XP level 18. HP: 235/235 MP: 5/46
    15 | D        | Killed a meat berserker
    15 | D        | Reached **** piety under Makhleb
    15 | D        | Reached skill level 27 in Fighting
    15 | D        | Noticed a meat berserker
    16 | D        | Noticed a meat berserker
    16 | D        | Killed a meat berserker
    16 | D        | Reached skill level 27 in Spellcasting
    16 | D        | Reached XP level 19. HP: 245/245 MP: 5/50
    16 | D        | Noticed a meat berserker
    17 | D        | Noticed a meat berserker
    17 | D        | Noticed a meat berserker
    18 | D        | Noticed a meat berserker
    20 | D        | Killed a meat berserker
    20 | D        | Reached ***** piety under Makhleb
    20 | D        | Reached skill level 27 in Axes
    20 | D        | Killed a meat berserker
    20 | D        | Reached XP level 20. HP: 256/256 MP: 7/51
    20 | D        | Noticed a meat berserker
    20 | D        | Noticed a meat berserker
    21 | D        | Noticed a destroyer
    21 | D        | Killed a meat berserker
    21 | D        | Reached skill level 27 in Dodging
    22 | D        | Killed a meat berserker
    22 | D        | Reached XP level 21. HP: 265/265 MP: 7/52
    22 | D        | Noticed a meat berserker
    22 | D        | Noticed a destroyer
    24 | D        | Killed a meat berserker
    24 | D        | Reached skill level 27 in Armour
    24 | D        | Noticed a large bag of meat
    24 | D        | Noticed a destroyer
    25 | D        | Reached ****** piety under Makhleb
    25 | D        | Reached skill level 27 in Stealth
    25 | D        | Killed a meat berserker
    25 | D        | Reached XP level 22. HP: 275/275 MP: 8/53
    26 | D        | Killed a large bag of meat
    26 | D        | Reached skill level 27 in Invocations
    26 | D        | Reached skill level 27 in Throwing
    26 | D        | Reached XP level 23. HP: 284/284 MP: 8/54
    27 | D        | Killed a destroyer
    27 | D        | Reached skill level 27 in Unarmed Combat
    28 | D        | Noticed a large bag of meat
    28 | D        | Noticed a large bag of meat
    28 | D        | Reached XP level 24. HP: 295/295 MP: 9/54
    28 | D        | Killed a destroyer
    29 | D        | Reached XP level 25. HP: 304/304 MP: 9/54
    30 | D        | Noticed a destroyer
    30 | D        | Noticed a destroyer
    31 | D        | Noticed a destroyer
    32 | D        | Killed a destroyer
    32 | D        | Reached XP level 26. HP: 314/314 MP: 10/54
    33 | D        | Noticed a destroyer
    34 | D        | Killed a large bag of meat
    34 | D        | Noticed a destroyer
    35 | D        | Killed a destroyer
    35 | D        | Noticed a destroyer
    36 | D        | Killed a destroyer
    36 | D        | Reached XP level 27. HP: 323/323 MP: 11/54
    36 | D        | Noticed a destroyer
    37 | D        | Killed a large bag of meat
    37 | D        | Noticed a destroyer
    37 | D        | Noticed a destroyer
    38 | D        | Noticed a destroyer
    39 | D        | Killed a destroyer
    40 | D        | Killed a destroyer
    40 | D        | Killed a destroyer
    40 | D        | Noticed a destroyer
    41 | D        | Killed a destroyer
    42 | D        | Killed a destroyer
    43 | D        | Killed a destroyer
    44 | D        | Killed a destroyer
    45 | D        | Killed a destroyer
    46 | D        | Noticed an accursed
    46 | D        | Noticed a destroyer
    47 | D        | Killed a destroyer
    50 | D        | Noticed a destroyer
    51 | D        | Killed an accursed
    51 | D        | Noticed a destroyer
    52 | D        | Noticed a tyrant
    54 | D        | Noticed a large bag of meat
    54 | D        | Noticed a large bag of meat
    56 | D        | Killed a destroyer
    57 | D        | Noticed a tyrant
    58 | D        | Killed a destroyer
    58 | D        | Noticed The Captor
    59 | D        | Killed a tyrant
    61 | D        | Noticed a meat beast
    62 | D        | Killed The Captor
    62 | D        | Killed a destroyer
    63 | D        | Killed a large bag of meat
    64 | D        | Killed a meat beast
    64 | D        | Noticed a dread
    68 | D        | Killed a large bag of meat
    68 | D        | Noticed a meat beast
    72 | D        | Killed a tyrant
    72 | D        | Killed a meat beast
    76 | D        | Noticed a dread
    77 | D        | Killed a dread
    82 | D        | Noticed a meat beast
    82 | D        | Noticed a meat beast
    86 | D        | Killed a meat beast
    88 | D        | Noticed a meat beast
    91 | D        | Killed a meat beast
    93 | D        | Killed a dread
    95 | D        | Noticed an accursed
    98 | D        | Noticed a meat beast
    98 | D        | Noticed a dread
    99 | D        | Noticed a tyrant
   101 | D        | Killed a meat beast
   103 | D        | Killed a dread
   107 | D        | Killed a tyrant
   108 | D        | Noticed a tyrant
   110 | D        | Killed an accursed
   117 | D        | Noticed a dread
   118 | D        | Killed a tyrant
   118 | D        | Noticed a fleshlord
   121 | D        | Noticed a fleshlord
   123 | D        | HP: 12/323 [dread/damnation (26)]
   124 | D        | HP: 5/323 [??? (3)]
   125 | D        | Killed a fleshlord
   126 | D        | Noticed a fleshlord
   126 | D        | Killed a dread
   127 | D        | Noticed a fleshlord
   127 | D        | Noticed a fleshlord
   129 | D        | Killed a fleshlord
   131 | D        | Killed a fleshlord
   131 | D        | Noticed a fleshlord
   132 | D        | Noticed a destroyer
   132 | D        | Noticed a fleshlord
   133 | D        | Noticed a dread
   134 | D        | Noticed a fleshlord
   135 | D        | Killed a destroyer
   135 | D        | Killed a fleshlord
   135 | D        | Noticed a dread
   138 | D        | Killed a fleshlord
   139 | D        | Killed a fleshlord
   140 | D        | Killed a fleshlord
   142 | D        | Killed a fleshlord
   144 | D        | Noticed a dread
   144 | D        | Noticed a fleshlord
   145 | D        | Killed a dread
   149 | D        | Killed a fleshlord
   149 | D        | Killed a dread
   149 | D        | Noticed a meat beast
   149 | D        | Noticed a dread
   151 | D        | Killed a dread
   153 | D        | Noticed a destroyer
   154 | D        | Noticed a fleshlord
   154 | D        | HP: 3/323 [meat berserker/+9 battleaxe (22)]
   154 | D        | Slain by a meat beast

Levels and vault maps discovered:
D:        meatsprint

Skill      XL: |  1  2  3  4  5  6  7  8  9 10 11 12 13 14 15 16 17 18 19 20 21 22 23 |
---------------+----------------------------------------------------------------------+-----
Fighting       | 18 20 21 22 24 26 27 | 27.0
Axes           | 14 16 17 18 20 21 24 27 | 27.0
Throwing       | 6 10 12 14 16 18 21 23 27 | 27.0
Dodging        | 17 19 20 21 22 24 26 27 | 27.0
Spellcasting   | 18 20 22 23 24 27 | 27.0
Armour         | 7 8 11 13 15 18 20 25 27 | 27.0
Invocations    | 9 11 13 16 19 22 25 27 | 27.0
Stealth        | 12 19 27 | 27.0
Unarmed Combat | 11 23 27 | 27.0
Translocations | |  2.6

Action                   |  1- 3 |  4- 6 |  7- 9 | 10-12 | 13-15 | 16-18 | 19-21 | 22-24 | 25-27 || total
-------------------------+-------+-------+-------+-------+-------+-------+-------+-------+-------++-------
Melee: Executioner's axe |     1 |       |       |       |     2 |     5 |     5 |     4 |    80 ||    97
Invok: Major Destruction |       |       |       |       |       |       |       |       |     2 ||     2
  Use: Potion            |       |       |       |       |       |       |       |       |     2 ||     2
Armor: Robe              |       |       |       |       |       |       |       |       |     4 ||     4
Dodge: Dodged            |       |       |       |       |       |       |       |       |    28 ||    28
